 Dungeon Crawl Stone Soup version 0.31-a0-233-g139696dc86 (webtiles) character file.

Game seed: 8874685938020289078

7 protoss039 the Digger (level 1, -1/14 HPs)
             Began as a Demonspawn Earth Elementalist on July 9, 2023.
             Slain by a gnoll
             ... wielding a +0 club
              (4 damage)
             ... on level 1 of the Dungeon.
             The game lasted 00:00:44 (326 turns).

protoss039 the Digger (DsEE)                         Turns: 326, Time: 00:00:46

Health: -1/14      AC:  2    Str:  8    XL:     1   Next: 83%
Magic:  3/3        EV: 12    Int: 16    God:
Gold:   0          SH:  0    Dex: 13    Spells: 3/4 levels left

rFire   . . .        d - +0 dagger
rCold   . . .        (no shield)
rNeg    . . .        f - +0 robe of Stained Tender Moments {Regen+}
rPois   .            (no helmet)
rElec   .            (no cloak)
rCorr   .            (no gloves)
SInv    .            (no boots)
Will    .....        (no amulet)
Stlth   ++           (no ring)
HPRegen 1.02/turn    (no ring)
MPRegen 0.08/turn

%: no passive effects
@: no status effects
A: no striking features
a: no special abilities


You were on level 1 of the Dungeon.
You visited 1 branch of the dungeon, and saw 2 of its levels.

Inventory:

Hand Weapons
 d - a +0 dagger (weapon)
Armour
 f - the +0 robe of Stained Tender Moments (worn) {Regen+}
   (You found it on level 2 of the Dungeon)

   Regen:     It increases your rate of health regeneration.
Scrolls
 a - a scroll of immolation {unknown}
 e - a scroll of blinking {unknown}
 g - a scroll of vulnerability {unknown}
Potions
 c - a potion of lignification {unknown}


   Skills:
 + Level 0.6 Fighting
 - Level 1.7 Dodging
 - Level 1.7 Stealth
 + Level 2.1 Spellcasting
 - Level 0.8 Transmutations
 + Level 2.8 Earth Magic


You had 3 spell levels left.
You knew the following spells:

 Your Spells              Type           Power      Damage    Failure   Level
a - Sandblast             Erth           20%        2d7       6%          1

Your spell library contained the following spells:

 Spells                   Type           Power      Damage    Failure   Level
 Passwall                 Tmut/Erth      5%         N/A       14%         2
 Stone Arrow              Conj/Erth      12%        3d7       34%         3
 Petrify                  Tmut/Erth      7%         N/A       67%         4


Dungeon Overview and Level Annotations

Branches:
Dungeon (2/15) Zot: 11667

Altars:


Message History

Aiming: Sandblast (safe; 6% risk of failure)
Press: ? - help, Shift-Dir - straight line, f/p - gnoll
Aim: a gnoll, wielding a +0 club (moderately wounded, 84% to hit)
The blast of sand hits the gnoll.
The gnoll is heavily wounded.
The gnoll hits you with a +0 club.
* * * LOW HITPOINT WARNING * * *
Casting: Sandblast (safe; 6% risk of failure)
Confirm with . or Enter, or press ? or * to list all spells.
You don't have enough magic to cast this spell.
Unknown command.
The gnoll attacks as you move away! The gnoll barely misses you.
A frilled lizard comes into view.
The frilled lizard hisses angrily.
A hobgoblin comes into view.
Casting: Sandblast (safe; 6% risk of failure)
Confirm with . or Enter, or press ? or * to list all spells.
You don't have enough magic to cast this spell.
The gnoll attacks as you move away! The gnoll hits you with a +0 club.
* * * LOW HITPOINT WARNING * * *
The frilled lizard bites you.
* * * LOW HITPOINT WARNING * * *
Casting: Sandblast (safe; 6% risk of failure)
Confirm with . or Enter, or press ? or * to list all spells.
You don't have enough magic to cast this spell.
Unknown command.
Magic courses through your body.
The frilled lizard completely misses you.
The gnoll hits you with a +0 club.
* * * LOW HITPOINT WARNING * * *
Unknown command.
Casting: Sandblast (safe; 6% risk of failure)
Confirm with . or Enter, or press ? or * to list all spells.
Aiming: Sandblast (safe; 6% risk of failure)
Press: ? - help, Shift-Dir - straight line, f - hobgoblin, p - gnoll
Aim: a hobgoblin (82% to hit)
The blast of sand hits the frilled lizard!
You kill the frilled lizard!
The gnoll hits you with a +0 club.
You die...

.......
..... .....
... .g. #.#
. ....##.#
#. ....##@#
#. ....##g#
.. ....##.#
.##....##.#
...g..##.#
#
#.....##.#
## #.###
#.# .#
#...####.#
.#
###....#.#


You could see a gnoll and a hobgoblin.

Vanquished Creatures
  A goblin (D:1)
  2 bats
  A frilled lizard (D:1)
  3 kobolds
  A rat (D:1)
8 creatures vanquished.

Notes
Turn   | Place    | Note
-------+----------+-------------------------------------------
     0 | D:1      | protoss039 the Demonspawn Earth Elementalist began the
                  | quest for the Orb.
     0 | D:1      | Reached XP level 1. HP: 13/13 MP: 3/3
    51 | D:1      | You fall into a shaft and drop 1 floor!
   120 | D:2      | Identified the +0 robe of Stained Tender Moments {Regen+}
   326 | D:1      | Slain by a gnoll

Illustrated notes

Levels and vault maps discovered:
D:1:      eino_arrival_tree_alley, layout_basic
D:2:      layout_rooms, minmay_worlds_worst_comb

Action                     || total
---------------------------++-------
  Melee: Dagger            ||     2
   Cast: Sandblast         ||    12
    Use: Potion            ||     1
 Armour: Robe              ||     2
  Dodge: Dodged            ||     9

Table legend: (Time is in decaauts)
 A = Elapsed time spent in this place.
 B = Non-inter-level travel time spent in this place.
 C = Inter-level travel time spent in this place.
 D = Time resting spent in this place.
 E = Time spent auto-exploring this place.
 F = Levels seen in this place.
 G = Mean time per level.
                   A        B        C        D        E       F      G
               +--------+--------+--------+--------+--------+-----+--------+
         Total |    330 |    330 |      0 |    100 |    143 |   2 |  165.0 |
       Dungeon |    330 |    330 |      0 |    100 |    143 |   2 |  165.0 |
               +--------+--------+--------+--------+--------+-----+--------+

Top non-repeatable levels by time:
     D:2: 191 daAuts
     D:1: 138 daAuts
